Map: [ESL] Gresvan

Players

SpeCial - Winner!

  • Race: Terran Terran

Elazer

  • Race: Zerg Zerg

Event: IEM Katowice 2023

VOD

Have the link to the VOD?

Description

Time

  • Played on: Feb. 9, 2023, 11:43 a.m.
  • Length: 9:09

All games in this series

Show
View Real Time Build Order
Export as new Build Order

SpeCial Terran - Winner!

Build Orders:  

Get SALT Encoding   

  12  0:00  SCV  
  13  0:12  SCV  
  14  0:17  Supply Depot  
  14  0:24  SCV  
  15  0:39  SCV  
  15  0:40  Barracks  
  16  0:43  Refinery  
  16  0:51  SCV  
  16  0:53  Refinery  
  17  1:03  SCV  
  18  1:15  SCV  
  19  1:27  Orbital Command, Reaper  
  19  1:29  Supply Depot  
  20  1:46  Factory  
  20  1:53  SCV  
  21  1:59  Reaper  
  22  2:05  SCV  
  23  2:16  Command Center  
  23  2:18  SCV  
  24  2:30  Hellion  
  24  2:33  Reaper  
  24  2:34  SCV  
  28  2:40  Starport  
  28  2:44  Supply Depot  
  28  2:46  SCV  
  29  2:52  Hellion  
  31  3:05  SCV  
  31  3:08  Barracks Reactor  
  32  3:16  Hellion  
  32  3:17  SCV  
  32  3:19  Starport Tech Lab  
  35  3:30  SCV  
  35  3:31  Orbital Command  
  36  3:39  Raven  
  38  3:42  SCV  
  39  3:55  SCV  
  39  3:57  SCV  
  39  3:58  Command Center  
  39  4:01  Hellion  
  43  4:04  Hellion  
  43  4:06  Marine  
  43  4:09  Supply Depot  
  46  4:12  SCV  
  46  4:13  SCV  
  48  4:17  Raven  
  48  4:24  SCV  
  51  4:26  SCV  
  51  4:27  Hellion  
  51  4:29  Hellion  
  47  4:31  Barracks Tech Lab  
  47  4:36  SCV  
  47  4:38  SCV  
  49  4:44  Barracks  
  49  4:49  Marine, Barracks, Hellion  
  49  4:50  SCV, Hellion  
  55  4:54  Raven  
  57  5:00  Stimpack  
  57  5:02  SCV x2  
  57  5:03  Supply Depot  
  59  5:07  Marine  
  59  5:10  Orbital Command  
  60  5:14  SCV  
  61  5:25  Marine, SCV  
  61  5:26  SCV  
  64  5:30  Orbital Command  
  64  5:31  Refinery  
  64  5:32  Refinery  
  64  5:33  Engineering Bay  
  64  5:34  Engineering Bay  
  64  5:38  Starport Reactor  
  64  5:40  SCV x2  
  64  5:42  Marine x2  
  68  5:43  Marine, Barracks Reactor  
  68  5:44  Siege Tank  
  72  5:52  SCV x2  
  72  5:56  SCV  
  75  5:57  Supply Depot  
  75  5:59  Barracks  
  75  6:00  Marine, Barracks  
  75  6:02  Marine  
  78  6:04  SCV  
  78  6:05  SCV  
  78  6:08  Marine, SCV  
  81  6:16  Medivac, SCV  
  81  6:17  SCV  
  85  6:19  Marine x2, Medivac  
  85  6:20  SCV  
  85  6:21  Supply Depot  
  85  6:24  Terran Infantry Weapons Level 1  
  90  6:26  Marine  
  90  6:27  Terran Infantry Armor Level 1  
  91  6:33  Barracks  
  91  6:36  Marine, Barracks  
  91  6:38  SCV  
  93  6:42  Marine x3  
  93  6:44  Marine  
  93  6:46  SCV  
  96  6:47  Siege Tank  
  96  6:49  SCV  
  96  6:51  Barracks Reactor x2  
  100  6:55  Supply Depot  
  100  6:58  Marine  
  101  7:03  Combat Shield  
  101  7:05  Marine x2, SCV x2  
  101  7:08  Marine x2  
  107  7:16  Marine, SCV  
  107  7:17  SCV x2  
  107  7:19  Siege Tank, Supply Depot  
  114  7:27  Marine x3  
  117  7:40  Marine x8, SCV x3  
  119  7:44  Marine, Medivac x2  
  119  7:45  Marine x2  
  124  7:52  SCV  
  124  7:56  Supply Depot  
  124  7:57  Supply Depot  
  125  8:00  Marine x7, SCV  
  125  8:01  Armory  
  133  8:17  Marine x4, Siege Tank  
  133  8:18  Marine x5, Refinery, Supply Depot  
  133  8:19  Marine x2, Medivac  
  149  8:20  Supply Depot  
  145  8:35  Marine x3, Command Center  
  145  8:36  Marine  
  147  8:44  Marine  
  147  8:45  Marine x2  
  147  8:47  SCV  
  153  8:48  Marine  
  153  8:51  Marine  
  158  8:55  Supply Depot  
  158  8:56  Supply Depot  
Show
View Real Time Build Order
Export as new Build Order

Elazer Zerg 

Build Orders: Hatch First 

Get SALT Encoding   

  12  0:00  Drone  
  13  0:12  Overlord  
  13  0:16  Drone  
  14  0:30  Drone x2  
  16  0:47  Hatchery  
  15  0:51  Drone  
  15  0:54  Drone  
  17  0:57  Drone  
  18  1:07  Extractor  
  17  1:12  Spawning Pool  
  17  1:15  Drone  
  17  1:18  Drone  
  18  1:27  Drone  
  19  1:39  Drone  
  20  1:49  Drone  
  21  1:58  Queen  
  21  1:59  Queen  
  21  2:00  Zergling x4  
  27  2:12  Overlord, Metabolic Boost, Drone  
  28  2:31  Hatchery  
  28  2:33  Drone x2  
  29  2:41  Queen  
  31  2:44  Overlord  
  31  2:47  Drone  
  31  2:50  Drone  
  31  3:06  Drone x4  
  32  3:16  Zergling x6  
  35  3:24  Spore Crawler  
  34  3:29  Queen  
  34  3:31  Overlord  
  35  3:40  Zergling x10  
  40  3:55  Drone x3  
  40  4:00  Drone x2  
  42  4:04  Drone x2  
  42  4:09  Drone x2  
  46  4:16  Overlord  
  43  4:27  Drone x4  
  45  4:31  Drone x4  
  45  4:34  Drone  
  45  4:37  Drone  
  51  4:41  Queen  
  53  4:49  Drone  
  53  4:51  Drone x2  
  56  4:56  Overlord, Drone  
  56  4:58  Drone x4  
  59  5:01  Drone  
  59  5:02  Drone  
  59  5:04  Drone  
  61  5:09  Drone x3  
  61  5:13  Overlord  
  64  5:15  Drone x2  
  66  5:24  Zergling x6  
  66  5:26  Spore Crawler  
  68  5:29  Zergling x6  
  68  5:32  Queen x2  
  76  5:38  Zergling x10  
  76  5:42  Overlord  
  81  5:51  Overlord  
  81  5:56  Overlord, Drone  
  82  6:00  Queen  
  82  6:01  Extractor  
  82  6:02  Overlord, Extractor  
  82  6:03  Spore Crawler  
  82  6:05  Drone x4  
  82  6:06  Hatchery  
  82  6:09  Lair  
  84  6:11  Drone x3  
  84  6:14  Drone  
  88  6:21  Overlord  
  88  6:23  Drone x4, Baneling Nest  
  88  6:24  Drone  
  92  6:25  Extractor  
  92  6:27  Drone  
  92  6:28  Drone  
  93  6:33  Drone x3  
  93  6:38  Drone x3  
  95  6:47  Overlord  
  95  6:48  Zergling x2  
  95  6:49  Zergling x6  
  95  6:51  Overlord  
  97  6:55  Evolution Chamber  
  97  6:59  Zergling x10  
  97  7:00  Evolution Chamber  
  100  7:03  Zergling x4  
  100  7:08  Overlord, Centrifugal Hooks  
  102  7:10  Zergling x6  
  102  7:11  Zergling x6  
  108  7:20  Zergling x8  
  111  7:26  Zergling x6  
  110  7:31  Zergling x8  
  112  7:41  Zergling x8  
  108  7:47  Zergling x2  
  108  7:48  Zergling x4  
  103  7:57  Drone x9  
  112  8:01  Queen  
  112  8:04  Zergling x6  
  117  8:09  Baneling x6, Zergling x10  
  117  8:10  Baneling x3  
  117  8:11  Overseer  
  120  8:14  Overlord  
  121  8:20  Zergling x10  
  121  8:26  Zergling x12  
  131  8:30  Baneling  
  131  8:31  Baneling x4  
  131  8:33  Drone x2  
  133  8:34  Hydralisk Den  
  133  8:36  Baneling x5  
  125  8:42  Zergling x2  
  125  8:43  Zergling x6  
  135  8:50  Zergling x2  

Tags
 
Add a new tag
Caveats
  • Supply blocks, unpowered buildings, or Contaminate may cause inaccurate times.
  • Supply counts are checked every 10 seconds.